 Dungeon Crawl Stone Soup version 0.23-a0-619-g281719c (console) character file.

402 Duffy the Skirmisher (level 6, -5/57 HPs)
             Began as a Naga Wizard on Dec 22, 2018.
             Killed from afar by Ijyb (6 damage)
             ... with a wand of flame (16)
             ... on level 5 of the Dungeon.
             The game lasted 00:05:42 (4775 turns).

Duffy the Skirmisher (Naga Wizard)                  Turns: 4775, Time: 00:05:43

Health: -5/57      AC:  7    Str: 10    XL:     6   Next: 85%
Magic:  10/10      EV:  9    Int: 20    God:
Gold:   205        SH:  0    Dex:  9    Spells: 2/11 levels left

rFire    . . .     SeeInvis +   y - +6 whip {drain, *Drain +Blink +Rage}
rCold    . . .     Gourm    .   (no shield)
rNeg     . . .     Faith    .   r - +3 leather armour
rPois    +         Spirit   .   k - +0 helmet
rElec    .         Reflect  .   (no cloak)
rCorr    .         Harm     .   (no gloves)
MR       .....                  (no barding)
Stlth    ++........             (no amulet)
HPRegen  0.19/turn              (no ring)
MPRegen  0.12/turn              (no ring)

@: very slow
A: large, see invisible, deformed body, poison resistance, slowness 2, slow
metabolism 1, spit poison 1, AC +2
a: Spit Poison, Evoke Blink, Evoke Berserk Rage


You were on level 5 of the Dungeon.
You were not hungry.

You visited 2 branches of the dungeon, and saw 6 of its levels.

You collected 205 gold pieces.

Inventory:

Hand Weapons
 y - the +6 whip of Greatest Utility (weapon) {drain, *Drain +Blink +Rage}
   (You found it on level 4 of the Dungeon)

   A truly terrible weapon, it drains the life of those it strikes.
   It lets you blink.
   It lets you go berserk.
   It causes draining when unequipped.
Armour
 k - a +0 helmet (worn)
 r - a +3 leather armour (worn)
Scrolls
 a - 2 scrolls of amnesia {unknown}
 c - a scroll of enchant armour {unknown}
 e - a scroll of noise {unknown}
 f - 2 scrolls of blinking {unknown}
 h - 5 scrolls of identify {unknown}
 i - 2 scrolls of immolation {unknown}
 j - 3 scrolls of enchant weapon {unknown}
 l - a scroll of random uselessness {unknown}
 m - a scroll of fog {unknown}
 s - 3 scrolls of teleportation {unknown}
 v - 3 scrolls of magic mapping {unknown}
Potions
 b - a potion of ambrosia {unknown}
 g - a potion of flight {unknown}
 n - 4 potions of curing {unknown}
 o - 3 potions of invisibility {unknown}
 t - a potion of magic {unknown}
 u - a potion of mutation {unknown}
 x - a potion of lignification {unknown}
 z - a potion of cancellation {unknown}
Comestibles
 d - 10 rations


   Skills:
 + Level 4.2 Fighting
 - Level 1.5 Dodging
 - Level 3.0 Stealth
 - Level 3.0 Spellcasting
 - Level 4.0 Conjurations
 - Level 1.0 Summonings
   Level 1.0 Translocations
 + Level 2.0 Fire Magic
 + Level 2.5 Poison Magic


You had 2 spell levels left.
You knew the following spells:

 Your Spells              Type           Power        Failure   Level  Hunger
h - Magic Dart            Conj           ###.         3%          1    None
i - Call Imp              Summ           #.......     19%         2    ##.....
l - Conjure Flame         Conj/Fire      ###.....     17%         3    ###....
o - Mephitic Cloud        Conj/Pois/Air  ##......     24%         3    ###....

Your spell library contained the following spells:

 Spells                   Type           Power        Failure   Level  Hunger
 Confusing Touch          Hex            #.....       19%         1    None
 Sandblast                Erth           #.....       19%         1    None
 Blink                    Tloc           N/A          19%         2    ##.....
 Passwall                 Tmut/Erth      #.......     28%         2    ##.....
 Slow                     Hex            #.......     28%         2    ##.....
 Stone Arrow              Conj/Erth      ##....       26%         3    ###....
 Gell's Gravitas          Tloc           #.........   36%         3    ###....
 Confuse                  Hex            #.......     50%         3    ###....
 Petrify                  Tmut/Erth      #.......     88%         4    ####...
 Lee's Rapid Deconstruct  Erth           #.........   99%         5    ######.
 Metabolic Englaciation   Hex/Ice        #.........   99%         5    ######.
 Yara's Violent Unravell  Hex/Tmut       #.........   99%         5    ######.


Dungeon Overview and Level Annotations

Branches:
Dungeon (5/15)             Temple (1/1) D:5

Altars:
Ashenzari
Elyvilon
Fedhas
Gozag
Hepliaklqana
Kikubaaqudgha
Makhleb
Nemelex Xobeh
Okawaru
Qazlal
Ru
Sif Muna
Trog
Wu Jian
Yredelemnul
Zin

Annotations:
D:5 Ijyb, Pikel


Innate Abilities, Weirdness & Mutations

You cannot wear boots.
Your serpentine skin is tough. (AC +2)
You have supernaturally acute eyesight. (SInv)
Armour fits poorly on your strangely shaped body.
Your system is resistant to poisons. (rPois)
You cover ground very slowly.
You have a slow metabolism.
You can spit poison.


Message History

Pikel is moderately wounded.
The adder bites you but does no damage. Pikel hits you but does no damage.
Ijyb barely misses you. The slave hits you but does no damage.
You hit Pikel but do no damage.
Pikel is moderately wounded.
The adder bites you but does no damage. Pikel barely misses you.
Ijyb zaps a wand.
The puff of flame hits you! The slave closely misses you.
The adder bites you but does no damage.
You barely miss Pikel.
Pikel is moderately wounded.
Pikel hits you with a +0 whip of electrocution.
The adder barely misses you. The slave hits you.
Ijyb hits you but does no damage.
You barely miss Pikel.
Pikel is moderately wounded.
The adder bites you but does no damage.
Pikel hits you with a +0 whip of electrocution.
The slave hits you but does no damage.
Ijyb zaps a wand.
The puff of flame hits you!
You die...

##..###### ........#
###....# ........#
#..)#..# ........#
#.>.#..# ........#
#..%#..# ......#
##.####.# #..Op#
##.(####.. #.pKp#
#.........#
###.pS@####......%..
.P....g..............
P.............$......
.P..................#
#....################
#####


You could see Pikel, an ogre, 4 slaves, Ijyb and an adder.

Vanquished Creatures
  An ogre (D:4)
  A centaur skeleton (D:4)
  A jelly (D:5)
  Jessica (D:2)
  Terence (D:3)
  An orc wizard (D:3)
  A worker ant zombie (D:5)
  7 adders
  A howler monkey skeleton (D:5)
  2 oozes
  4 worms
  A dart slug (D:1)
  2 leopard geckos
  13 orcs (D:3)
  7 bats
  4 giant cockroaches
  3 goblins (D:1)
  6 hobgoblins
  5 kobolds
  4 quokkas
  2 ball pythons
  5 frilled lizards
  4 rats
77 creatures vanquished.

Notes
Turn   | Place    | Note
-------+----------+-------------------------------------------
     0 | D:1      | Duffy the Naga Wizard began the quest for the Orb.
     0 | D:1      | Reached XP level 1. HP: 15/15 MP: 4/4
   130 | D:1      | Reached skill level 1 in Fighting
   130 | D:1      | Reached XP level 2. HP: 25/25 MP: 0/6
   572 | D:1      | Learned a level 2 spell: Call Imp
  1105 | D:1      | Reached XP level 3. HP: 31/31 MP: 5/7
  1110 | D:1      | Learned a level 3 spell: Conjure Flame
  2316 | D:2      | Noticed Jessica
  2323 | D:2      | Killed Jessica
  2323 | D:2      | Reached XP level 4. HP: 40/40 MP: 0/8
  2624 | D:2      | Learned a level 3 spell: Mephitic Cloud
  3025 | D:3      | Reached XP level 5. HP: 31/49 MP: 9/9
  3165 | D:3      | Noticed Terence
  3174 | D:3      | Killed Terence
  3600 | D:3      | Found a hazy altar of Hepliaklqana.
  3934 | D:4      | Reached XP level 6. HP: 46/57 MP: 10/10
  4073 | D:4      | Reached skill level 1 in Fire Magic
  4073 | D:4      | Reached skill level 1 in Poison Magic
  4242 | D:4      | Found a burning altar of Makhleb.
  4258 | D:4      | Got a warped whip
  4259 | D:4      | Identified the +6 whip of Greatest Utility {drain, *Drain
                  | +Blink +Rage} (You found it on level 4 of the Dungeon)
  4547 | D:5      | Entered Level 5 of the Dungeon
  4550 | D:5      | Found a staircase to the Ecumenical Temple.
  4563 | Temple   | Entered the Ecumenical Temple
  4760 | D:5      | Noticed a slave
  4761 | D:5      | Noticed a slave
  4762 | D:5      | Noticed Ijyb
  4762 | D:5      | Noticed Pikel
  4763 | D:5      | Noticed a slave
  4765 | D:5      | Noticed a slave
  4775 | D:5      | HP: 1/57 [Pikel/+0 whip of electrocution (6)]
  4775 | D:5      | Killed from afar by Ijyb

Vault maps used:
D:1:      wander_arrival_fairy_ring, minmay_pentomino_x4
D:2:      feat_on_display, uniq_jessica
D:3:      lemuel_crystal_altar, first_ration, uniq_terence
D:4:      bloody_makhleb
D:5:      minmay_temple_entry_offerings, gup_ossuary_entry_pyramid,
          uniq_crazy_yiuf_cottage, uniq_pikel, uniq_ijyb
Temple:   dpeg_chambers_temple

Skill      XL: |  1  2  3  4  5  6 |
---------------+-------------------+-----
Fighting       | 1 2 3 4 |  4.2
Conjurations   | 2 3 4 |  4.0
Fire Magic     | 2 |  2.0
Poison Magic   | 2 |  2.5
Dodging        | |  1.5
Stealth        | |  3.0
Spellcasting   | |  3.0
Summonings     | |  1.0
Translocations | |  1.0

Action                   |  1- 3 |  4- 6 || total
-------------------------+-------+-------++-------
Melee: Dagger            |       |   154 ||   154
       Flail             |       |    44 ||    44
       Whip              |       |    42 ||    42
 Cast: Magic Dart        |    83 |     7 ||    90
       Mephitic Cloud    |       |     1 ||     1
 Abil: Spit Poison       |    11 |     4 ||    15
 Stab: Sleeping          |       |     3 ||     3
  Eat: Chunk             |     3 |     7 ||    10
Armor: Robe              |     4 |    11 ||    15
       Leather armour    |       |    86 ||    86
Dodge: Dodged            |    23 |   135 ||   158

Table legend:
 A = Non-vault XP
 B = Vault XP
 C = Vault XP percentage of total XP
 D = Non-vault monster count
 E = Vault monster count
 F = Vault count percentage of total count
                 A         B        C        D         E       F
            +---------+---------+-------+---------+---------+-------
      Total |     498 |      77 |  13.4 |      73 |       4 |   5.2
            +---------+---------+-------+---------+---------+-------
        D:1 |      30 |       4 |  11.8 |      17 |       2 |  10.5
        D:2 |      41 |      37 |  47.4 |      14 |       1 |   6.7
        D:3 |     149 |      36 |  19.5 |      30 |       1 |   3.2
        D:4 |     207 |       0 |   0.0 |       8 |       0 |   0.0
        D:5 |      71 |       0 |   0.0 |       4 |       0 |   0.0
            +---------+---------+-------+---------+---------+-------
